 Dungeon Crawl Stone Soup version 0.25-a0-287-g56a5b49892 (webtiles) character file.

Game seed: 690821674822980967, levelgen mode: deterministic

816 Anathary the Magician (level 7, -2/36 HPs)
             Began as a Deep Elf Fire Elementalist on Dec 12, 2019.
             Was an Initiate of Vehumet.
             Killed from afar by a hippogriff (5 damage)
             ... with an exploding inner flame
             ... hexed by the player character
             ... on level 5 of the Dungeon.
             The game lasted 00:57:07 (5362 turns).

Anathary the Magician (Deep Elf Fire Elementalist)  Turns: 5362, Time: 00:57:08

Health: -2/36      AC: 11    Str:  5    XL:     7   Next: 62%
Magic:  0/19       EV: 14    Int: 22    God:    Vehumet [......]
Gold:   127        SH:  0    Dex: 15    Spells: 15/19 levels left

rFire    + + .     SeeInvis .   b - +1 mace (protect)
rCold    x . .     Gourm    .   (no shield)
rNeg     . . .     Faith    .   a - +1 robe
rPois    .         Spirit   +   (no helmet)
rElec    .         Reflect  .   o - scarf {Spirit}
rCorr    .         Harm     .   (no gloves)
MR       .....                  w - +0 pair of boots
Stlth    +++.......             (no amulet)
HPRegen  0.12/turn              C - ring of protection from fire
MPRegen  0.16/turn              k - ring of fire

@: protection aura
A: no striking features
a: Renounce Religion


You were on level 5 of the Dungeon.
You worshipped Vehumet.
Vehumet was noncommittal.
You were not hungry.

You visited 2 branches of the dungeon, and saw 6 of its levels.
You also visited: Sewer.

You collected 127 gold pieces.

Inventory:

Hand Weapons
 b - a +1 mace of protection (weapon)
Armour
 a - a +1 robe (worn)
 o - a scarf of spirit shield (worn)
 p - a +0 pair of boots
 w - a +0 pair of boots (worn)
Jewellery
 g - an uncursed amulet of the acrobat {unknown}
 i - an uncursed ring of poison resistance
 k - a ring of fire (right hand)
 l - an uncursed ring of flight
 u - an uncursed ring of protection from cold
 C - a ring of protection from fire (left hand)
Scrolls
 d - a scroll of amnesia
 e - 3 scrolls of blinking
 f - 2 scrolls of enchant weapon
 h - a scroll of immolation
 m - 4 scrolls of enchant armour
 n - a scroll of fog
Potions
 j - a potion of resistance
 s - 2 potions of might
 t - 4 potions of curing
 v - 6 potions of flight {unknown}
 x - 2 potions of mutation {unknown}
 z - a potion of magic {unknown}
 A - a potion of heal wounds {unknown}
 B - a potion of haste {unknown}
 D - a potion of invisibility
 E - a potion of ambrosia {unknown}
Comestibles
 c - 4 rations


   Skills:
 + Level 4.3 Dodging
 + Level 4.4 Stealth
 + Level 6.7 Spellcasting
 + Level 4.1 Conjurations
 + Level 5.8 Fire Magic


You had 15 spell levels left.
You knew the following spells:

 Your Spells              Type           Power        Failure   Level  Hunger
a - Foxfire               Conj/Fire      ####         1%          1    None
b - Inner Flame           Hex/Fire       ####....     8%          3    #......

Your spell library contained the following spells:

 Spells                   Type           Power        Failure   Level  Hunger
 Conjure Flame            Conj/Fire      #####...     3%          3    #......
 Sticky Flame             Conj/Fire      #####...     11%         4    ###....
 Fireball                 Conj/Fire      #####.....   30%         5    #####..


Dungeon Overview and Level Annotations

Branches:
Dungeon (5/15)             Temple (1/1) D:4           Sewer (visited)

Altars:
Cheibriados
Dithmenos
Elyvilon
Fedhas
Gozag
Hepliaklqana
Kikubaaqudgha
Makhleb
Nemelex Xobeh
Okawaru
Qazlal
Ru
Sif Muna
Uskayaw
Vehumet
Wu Jian
Xom
Yredelemnul
Zin
The Shining One

Annotations:
D:4 1 runed translucent door, P0WERM0DE's ghost, novice GrFi
D:5 3 runed translucent doors, MoonlitKnight's ghost, novice HOFi


Message History

The hippogriff pecks you but does no damage.
The hippogriff barely misses you. The hippogriff bites you!
The hippogriff pecks you. The hippogriff misses you.
You closely miss the hippogriff.
The hippogriff is moderately wounded.
The hippogriff bites you.
* * * LOW HITPOINT WARNING * * *
The hippogriff closely misses you. The hippogriff barely misses you.
You hit the hippogriff.
Flame seeps out of the hippogriff.
Your weapon exudes an aura of protection.
The hippogriff is moderately wounded.
The hippogriff is engulfed in blazing flames.
Flame seeps out of the hippogriff.
The hippogriff bites you but does no damage.
The hippogriff closely misses you. The hippogriff claws you.
* * * LOW HITPOINT WARNING * * *
The hippogriff is engulfed in blazing flames.
The hippogriff explodes!
The fiery explosion engulfs you. You resist.
You die...

.##§##,..#.#.#
##§§###,...#.#
.§§§§§#,#..#.#
***********
##§##§#,*..#.#
*,,,,,,,,,,
##.##.#,*#.#.#
*,,,,,,,,,,
##.##.#.##.#.#
*,,,,,,,,,,
##.##.#......#
*,,,,,,,,,,
##.##.#####..#######
*,,,,,,,,,, ..<...#
#.>...@○o# *,,,,,,,,,,
####### ########§#
*,,,,,,,,,, # #.#
*,,,,,,,,,, #
********#.#***l,,,,,,,,,
#*******
*,..s........oH..,,,,,,,
*,,,,,*
*,#######.####..o,,,,,,,
*,,,,,***,*****
#.#*,,,,,,*,****
*,,,,,,,,,,,,,*
#.#*,****,*,*
*****,,,,,,,,,*
#.#*,****,*,*


You could see an orc.

Vanquished Creatures
  Sigmund (D:5)
  Purgy (Sewer)
  An ice beast (D:5)
  A scorpion (D:4)
  A howler monkey (D:5)
  2 orc priests
  A hound (D:5)
  2 orc wizards (D:5)
  A centaur skeleton (D:4)
  An iguana (D:4)
  2 worker ants
  4 adders
  An ooze (D:2)
  An adder skeleton (D:4)
  2 worms
  3 dart slugs (D:1)
  5 leopard geckos
  5 orcs
  6 bats
  4 giant cockroaches
  6 goblins
  4 hobgoblins
  5 jackals
  4 ball pythons
  12 frilled lizards
  6 kobolds
  13 rats
95 creatures vanquished.

Vanquished Creatures (others)
  202 foxfires
202 creatures vanquished.

Grand Total: 297 creatures vanquished

Notes
Turn   | Place    | Note
-------+----------+-------------------------------------------
     0 | D:1      | Anathary the Deep Elf Fire Elementalist began the quest for
                  | the Orb.
     0 | D:1      | Reached XP level 1. HP: 10/10 MP: 6/6
   254 | D:1      | Reached XP level 2. HP: 14/15 MP: 5/8
   733 | D:2      | Reached XP level 3. HP: 19/19 MP: 3/10
  1454 | D:2      | Reached skill level 4 in Spellcasting
  1582 | D:2      | Reached XP level 4. HP: 24/24 MP: 12/12
  2124 | D:3      | Found a glowing drain.
  2134 | Sewer    | Entered a sewer
  2172 | Sewer    | Noticed Purgy
  2180 | Sewer    | Killed Purgy
  2180 | Sewer    | Reached XP level 5. HP: 26/28 MP: 5/13
  2996 | D:5      | Entered Level 5 of the Dungeon
  3221 | D:4      | Found a staircase to the Ecumenical Temple.
  3229 | Temple   | Entered the Ecumenical Temple
  3333 | Temple   | Became a worshipper of Vehumet
  3599 | D:4      | Reached skill level 5 in Spellcasting
  3599 | D:4      | Reached XP level 6. HP: 32/32 MP: 12/15
  4038 | D:4      | Found a runed translucent door.
  4044 | D:4      | Noticed P0WERM0DE's ghost (novice GrFi)
  4329 | D:4      | Reached skill level 5 in Fire Magic
  4535 | D:5      | Noticed Sigmund
  4663 | D:5      | Found a white marble altar of Elyvilon.
  4712 | D:5      | Killed Sigmund
  4712 | D:5      | Reached skill level 6 in Spellcasting
  4712 | D:5      | Reached XP level 7. HP: 4/36 MP: 0/18
  5065 | D:5      | Learned a level 3 spell: Inner Flame
  5211 | D:5      | Found a runed translucent gate.
  5212 | D:5      | Found a runed translucent gate.
  5212 | D:5      | Found a runed translucent gate.
  5214 | D:5      | Noticed MoonlitKnight's ghost (novice HOFi)
  5341 | D:5      | Noticed a hippogriff
  5362 | D:5      | Killed a hippogriff
  5362 | D:5      | Killed from afar by a hippogriff

Levels and vault maps discovered:
D:1:      wander_arrival_abandoned_jail, layout_rooms, serial_curves,
          eino_curves_03, eino_curves_01, minmay_pentomino_z2
D:2:      layout_loops_ring
D:3:      layout_basic, portal_sewer_entry_b, first_ration
D:4:      cheibrodos_old_hovel, layout_loops_corners,
          minmay_temple_entry_junction, ebering_ghost_sewer_d, uniq_eustachio
D:5:      layout_basic, ebering_ghost_rock_garden, elyvilon_altar_1,
          uniq_sigmund
Temple:   regret_index_temple_chain_breaker

Skill      XL: |  1  2  3  4  5  6  7 |
---------------+----------------------+-----
Fire Magic     | 4 5 |  5.8
Stealth        | 3 4 |  4.4
Spellcasting   | 4 5 6 |  6.7
Dodging        | 3 4 |  4.3
Conjurations   | 2 3 4 |  4.1

Action                   |  1- 3 |  4- 6 |  7- 9 || total
-------------------------+-------+-------+-------++-------
Melee: Mace              |    39 |    71 |     9 ||   119
       Unarmed           |     1 |       |       ||     1
 Cast: Foxfire           |    40 |    77 |    27 ||   144
       Inner Flame       |       |       |     2 ||     2
  Use: Scroll            |       |    12 |     1 ||    13
       Potion            |       |       |     2 ||     2
 Stab: Sleeping          |     3 |       |       ||     3
  Eat: Ration            |     1 |     2 |     1 ||     4
       Chunk             |       |     1 |       ||     1
Armor: Robe              |    15 |    27 |     9 ||    51
Dodge: Dodged            |    58 |    94 |    28 ||   180

Table legend:
 A = Non-vault XP
 B = Vault XP
 C = Vault XP percentage of total XP
 D = Non-vault monster count
 E = Vault monster count
 F = Vault count percentage of total count
                 A         B        C        D         E       F
            +---------+---------+-------+---------+---------+-------
      Total |     789 |     377 |  32.3 |      81 |      14 |  14.7
            +---------+---------+-------+---------+---------+-------
        D:1 |      34 |       2 |   5.6 |      18 |       2 |  10.0
        D:2 |      64 |       0 |   0.0 |      22 |       0 |   0.0
        D:3 |      34 |       5 |  12.8 |      14 |       4 |  22.2
        D:4 |     264 |       0 |   0.0 |      15 |       0 |   0.0
        D:5 |     393 |     227 |  36.6 |      12 |       1 |   7.7
      Sewer |       0 |     143 | 100.0 |       0 |       7 | 100.0
            +---------+---------+-------+---------+---------+-------
